[Event "*** Titled Tuesday Blitz"]
[Site "Chess.com"]
[Date "2020.03.03"]
[Round "2"]
[White "Tjktiger"]
[Black "marcodobrikov"]
[Result "1-0"]
[WhiteElo "2786"]
[BlackElo "2560"]
[TimeControl "180+1"]
[EndTime "9:19:31 PST"]
[Termination "Tjktiger won by resignation"]

1. d4 Nf6 2. c4 g6 3. g3 Bg7 4. Bg2 d5 5. cxd5 Nxd5 6. Nf3 O-O 7. O-O Nc6 8. Nc3 Nb6 9. e3 a5 10. Qc2 Nb4 11. Qe4 Bf5 12. Qh4 Nc4 13. e4 Bd7 14. Bh6 f6 15. Bxg7 Kxg7 16. b3 Nd6 17. a3 Nc6 18. d5 Na7 19. e5 Nf5 20. Qf4 Nb5 21. Rfc1 Nxc3 22. Rxc3 c6 23. g4 Nh6 24. dxc6 bxc6 25.
h3 Nf7 26. Re1 Qb8 27. Qd4 Rd8 28. exf6+ exf6 29. g5 Qd6 30. Qxd6 Nxd6 31. Re7+ Nf7 32. Nd4 fxg5 33. Rf3 Be8 34. Ne6+ Kg8 35. Nxd8 Rxd8 36. Ra7 Kf8 37. Rxa5 Rd1+ 38. Kh2 Bd7 39. Rxg5 Kg7 40. Ra5 Be6 41. Re3 Bf5 42. Be4 Bxe4 43. Rxe4 Rd3 44.
Ra7 Kf6 45. Rf4+ Kg5 46. Raxf7 Rxb3 47. h4+ Kh6 48. Rc7 Rxa3 49. Rff7 Kh5 50. Rxh7+ Kg4 51. Rxc6 Kf5 52. Rf7+ 1-0

[Event "*** Titled Tuesday Blitz"]
[Site "Chess.com"]
[Date "2020.03.03"]
[Round "2"]
[White "Resignify"]
[Black "MartinMatthiesen"]
[Result "0-1"]
[WhiteElo "2251"]
[BlackElo "2531"]
[TimeControl "180+1"]
[EndTime "9:19:31 PST"]
[Termination "MartinMatthiesen won on time"]

1. Nf3 d5 2. c4 d4 3. d3 c5 4. g3 Nc6 5. Bg2 e5 6. O-O Nf6 7. e3 Be7 8. exd4 exd4 9. Re1 O-O 10. a3 Bf5 11. Ne5 Nxe5 12. Rxe5 Bg4 13. Qb3 Bd6 14. Re1 Re8 15. Bd2 Rb8 16. a4 Qd7 17. Na3 Bh3 18. Rxe8+ Rxe8 19. Qxb7 Qxb7 20. Bxb7 Rb8 21.
Bg2 Bxg2 22. Kxg2 Rxb2 23. Be1 a6 24. Rb1 Rxb1 25. Nxb1 Ng4 26. Bd2 Kf8 27. h3 Nf6 28. Bg5 Nd7 29. Bd2 Nb6 30. a5 Nd7 31. f4 Bc7 32.
Na3 Nb8 33. Nc2 Nc6 34. Na1 Bxa5 35. Nb3 Bxd2 36. Nxd2 Nb4 37. Nb3 Nxd3 38. Kf3 Ke7 39. Ke2 Nb2 40. Nxc5 a5 41. Nb3 a4 42. Nxd4 a3 43.
Nc2 a2 44. Ke3 Nxc4+ 45. Kd4 Na3 46. Na1 Kd6 47. Kc3 Nb5+ 0-1

[Event "*** Titled Tuesday Blitz"]
[Site "Chess.com"]
[Date "2020.03.03"]
[Round "2"]
[White "JSPrepz"]
[Black "Gahan-MG"]
[Result "1-0"]
[WhiteElo "2742"]
[BlackElo "2452"]
[TimeControl "180+1"]
[EndTime "9:19:32 PST"]
[Termination "JSPrepz won on time"]

1. e4 c5 2. Nf3 e6 3. b4 cxb4 4. d4 d5 5. e5 Nc6 6. a3 f6 7. axb4 Bxb4+ 8. c3 Ba5 9. Bd3 Bc7 10. O-O fxe5 11. dxe5 Nge7 12. Re1 Ng6 13. Na3 O-O 14. Nb5 Rxf3 15. Qxf3 Ncxe5 16. Qh3 Nxd3 17. Nxc7 Ndf4 18. Qf3 Qxc7 19. g3 Nh3+ 20. Kg2 e5 21. Qxd5+ Kh8 22.
Rd1 Bf5 23. Rxa7 Be4+ 24. Qxe4 Rxa7 25. Kxh3 Ra8 26. Kg2 Qxc3 27. Qxb7 Rf8 28. Be3 Qc8 29. Rd7 Qxb7+ 30. Rxb7 h6 31. h4 Rf6 32. Bc5 Kh7 33. Rb8 Rf7 34. Re8 Rc7 35. Bd6 Rd7 36. Bb8 Rb7 37.
h5 Ne7 38. Bxe5 Nd5 39. Rd8 Ne7 40. Bf4 Nc6 41. Rd5 Nb4 42. Rd6 Nc2 43. Bd2 Nb4 44. g4 1-0

[Event "*** Titled Tuesday Blitz"]
[Site "Chess.com"]
[Date "2020.03.03"]
[Round "2"]
[White "yoolund"]
[Black "Ceejay271"]
[Result "1/2-1/2"]
[WhiteElo "2637"]
[BlackElo "2314"]
[TimeControl "180+1"]
[EndTime "9:19:38 PST"]
[Termination "Game drawn by agreement"]

1. d4 Nf6 2. Bg5 d5 3. Bxf6 exf6 4. e3 Nd7 5. c4 dxc4 6. Bxc4 Nb6 7. Bb3 Bd6 8. Nc3 O-O 9. Nge2 c6 10. O-O f5 11. Ng3 g6 12. Qf3 a5 13. a3 a4 14.
Ba2 Ra5 15. Rad1 Qe7 16. Rfe1 Be6 17. Bxe6 Qxe6 18. e4 Bxg3 19. hxg3 Qb3 20. Re2 fxe4 21. Qxe4 Nd5 22. Qc2 Nxc3 23. bxc3 Qxa3 24. c4 Qd6 25. c5 Qd5 26. Re5 Qd7 27. d5 cxd5 28. Rexd5 Qc6 29. Qc3 Raa8 30. Rd6 Qb5 31. Rb6 Qa5 32. Qxa5 Rxa5 33. Rxb7 Rxc5 34. Ra7 Rc4 35. Ra1 Rd8 36. R7xa4 Rxa4 37.
Rxa4 Rd1+ 38. Kh2 Rd2 39. f3 Kg7 40. g4 Re2 41. Kg3 Rd2 42. Re4 Rb2 43. Rf4 Ra2 44. Re4 Rb2 45. Rf4 Ra2 46. Re4 g5 47. Re5 h6 48. Rf5 Ra3 49. Re5 Ra4 50. Re3 Rb4 51.
Re5 Ra4 52. Rf5 Rb4 53. Kf2 Rb2+ 54. Kg3 Rb4 55. Kh3 Ra4 56. Kg3 Ra3 57. Re5 Rb3 58.
Re4 Rb5 59. Re3 Ra5 60. Re4 1/2-1/2

[Event "*** Titled Tuesday Blitz"]
[Site "Chess.com"]
[Date "2020.03.03"]
[Round "2"]
[White "xamax2000"]
[Black "wonderfultime"]
[Result "1-0"]
[WhiteElo "2696"]
[BlackElo "3024"]
[TimeControl "180+1"]
[EndTime "9:19:40 PST"]
[Termination "xamax2000 won on time"]

1. c4 c6 2. d4 d5 3. Nf3 Nf6 4. e3 Bf5 5. Nc3 e6 6. Qb3 Qc7 7. Nh4 Be4 8. f3 dxc4 9. Qxc4 Bd5 10. Nxd5 Nxd5 11. g3 Bb4+ 12. Kf2 Be7 13. Ng2 O-O 14. Nf4 Nd7 15. Bd3 Rfd8 16. Bd2 Rac8 17. Rac1 h6 18. b4 Qd6 19. Nxd5 exd5 20. Qb3 a6 21. a4 b5 22. a5 Qe6 23. h4 Nf6 24. g4 Ne8 25. Bf5 Qf6 26.
Bxc8 Rxc8 27. Qd3 Nd6 28. Rcg1 g6 29. g5 hxg5 30. hxg5 Qe6 31. Rh2 Bf8 32. Rgh1 Bg7 33. Rh4 Re8 34. R1h2 Qe7 35. Rg4 Nc4 36. Rh1 Qe6 37.
Rgh4 Qd6 38. R4h3 Qe6 39. Rh4 Kf8 40. R4h3 Ke7 41. Rh7 Rg8 42. e4 Kd7 43. e5 Kc8 44. f4 Bf8 45. Bc3 Be7 46. Qh3 Kd7 47. Rxf7 Re8 48.
Qxe6+ Kxe6 49. Rg7 Kf5 50. Kf3 Bxg5 51. fxg5 Rf8 52.
Rhh7 Ke6+ 53. Ke2 1-0

[Event "*** Titled Tuesday Blitz"]
[Site "Chess.com"]
[Date "2020.03.03"]
[Round "2"]
[White "Vugar_Manafov"]
[Black "severomorskij"]
[Result "1-0"]
[WhiteElo "2589"]
[BlackElo "2781"]
[TimeControl "180+1"]
[EndTime "9:19:43 PST"]
[Termination "Vugar_Manafov won on time"]

1. Nf3 Nf6 2. g3 d5 3. Bg2 e6 4.
O-O c5 5. d3 Nc6 6. Nc3 d4 7. Nb1 Be7 8. c3 O-O 9. cxd4 cxd4 10.
Bg5 e5 11. Nbd2 Be6 12. a3 h6 13. Bxf6 Bxf6 14. Rc1 a5 15. Ne4 Be7 16. Nc5 Bxc5 17. Rxc5 Qb6 18. Qc2 Bb3 19. Qc1 Rfe8 20. Nd2 Be6 21.
Bxc6 bxc6 22. Rxc6 Qb7 23. Rc7 Qd5 24. Qc5 Rab8 25.
Qxd5 Bxd5 26. Rc2 Rb5 27. Rfc1 Reb8 28. Rc8+ Rxc8 29. Rxc8+ Kh7 30. Rc2 f6 31. Kf1 g5 32.
Ke1 Kg6 33. Kd1 Kf5 34. f3 h5 35. Kc1 g4 36. Nc4 Rb8 37. e4+ dxe3 38. Nxe3+ Ke6 39.
fxg4 hxg4 40. Nxg4 f5 41. Ne3 f4 42. gxf4 exf4 43.
Nxd5 Kxd5 44. Rf2 Ke5 45. Kc2 Rc8+ 46. Kd2 Rb8 47. Kc3 Rc8+ 48. Kb3 Rd8 49. Kc4 Rd4+ 50.
Kc3 Rd7 51. b4 Rc7+ 52. Kb3 axb4 53. axb4 Rd7 54. Rf3 Rf7 55. Kc4 Rc7+ 56. Kb3 Rf7 57. b5 Kd5 58. Kb4 Rf6 59. h4 Kd4 60. h5 Kd5 61. h6 1-0

[Event "*** Titled Tuesday Blitz"]
[Site "Chess.com"]
[Date "2020.03.03"]
[Round "2"]
[White "Omk124"]
[Black "MixMasterChess"]
[Result "1-0"]
[WhiteElo "2440"]
[BlackElo "2100"]
[TimeControl "180+1"]
[EndTime "9:19:43 PST"]
[Termination "Omk124 won by resignation"]

1. e4 e6 2. d4 d5 3. Nd2 c5 4. exd5 Qxd5 5. Ngf3 cxd4 6. Bc4 Qd6 7. O-O Nf6 8. Nb3 Nc6 9. Qe2 Be7 10. Rd1 O-O 11. Nbxd4 Nxd4 12. Rxd4 Qc5 13. Be3 Qc7 14. Bf4 Qb6 15.
Bb3 Bd7 16. Rad1 Bb5 17. c4 Bc6 18. Ne5 Bc5 19. R4d3 Be4 20. Rg3 Bg6 21. Bg5 Rfd8 22. Bxf6 Rxd1+ 23. Bxd1 gxf6 24. Nd7 Qd6 25. Nxf6+ Kg7 26.
Ne4 Qb6 27. b3 Rd8 28. Bc2 Bd4 29. h4 Kh8 30. Ng5 Bxf2+ 31. Qxf2 Qxf2+ 32. Kxf2 Rd2+ 33. Ke3 Rxc2 34. Kd4 Rxa2 35. Rf3 Kg7 36. g4 Rd2+ 37. Kc3 Rg2 38. h5 Rxg4 39. hxg6 Rxg5 40. Rxf7+ Kxg6 41. Rxb7 h5 42. Rxa7 h4 43. Ra1 h3 44. b4 Kf5 45.
b5 h2 46. Rh1 Rh5 47. b6 Ke5 48. Kb4 Kd6 49. c5+ Kc6 50. Ka4 Rxc5 51. Rxh2 Kxb6 52. Kb4 Kc6 53. Rh8 Rd5 54. Kc4 Kd6 55. Rh5 e5 56.
Rh6+ Ke7 57. Kxd5 e4 58. Kxe4 1-0

[Event "*** Titled Tuesday Blitz"]
[Site "Chess.com"]
[Date "2020.03.03"]
[Round "2"]
[White "AndrewMaco"]
[Black "ArlanCabe"]
[Result "0-1"]
[WhiteElo "2667"]
[BlackElo "2386"]
[TimeControl "180+1"]
[EndTime "9:19:44 PST"]
[Termination "ArlanCabe won by resignation"]

1. e4 c5 2. Nf3 d6 3. d4 cxd4 4. Nxd4 Nf6 5. Nc3 a6 6. f3 e5 7.
Nb3 Be6 8. Be3 Nbd7 9. Qd2 Rc8 10. O-O-O b5 11. g4 Nb6 12. g5 Nfd7 13. Kb1 b4 14.
Nd5 Nxd5 15. exd5 Bf5 16. Bd3 Bxd3 17. Qxd3 a5 18. Nd2 Qc7 19. Ne4 Be7 20. h4 Nb6 21. Bxb6 Qxb6 22. h5 a4 23. g6 fxg6 24. hxg6 h6 25. Nd2 O-O 26. Nc4 Qc7 27. b3 Bg5 28.
Rdg1 Rf6 29. Qe2 Kf8 30. Qe1 Qc5 31. Rxg5 hxg5 32. Rh8+ Ke7 33. Rxc8 Qxc8 34. Qxb4 axb3 35. axb3 Rxg6 36. Nxe5 Rh6 37. Nc6+ Kf8 38. Qd2 Qf5 39. Kb2 Qf6+ 40. c3 Qf4 41. Qxf4+ gxf4 42. b4 Ke8 43. c4 Kd7 44. Kc3 Rh3 45. Nd4 g5 46. c5 g4 47. c6+ Kc8 48. b5 gxf3 49. Kd2 f2 50. Ke2 Rd3 51. Ne6 Re3+ 52. Kxf2 Re5 53. Nxf4 Re4 54.
Kf3 Rb4 55. Ne6 Rxb5 56. Ke4 Rb4+ 57. Kd3 Rg4 58. Kc3 Kb8 59. Nd4 Rg5 60. Kc4 Rg4 61.
Kc3 Rg5 62. c7+ Kc8 63. Kc4 Rg4 64. Kd3 Kxc7 65. Nb5+ Kd7 66. Kc3 Rf4 67. Kd3 Rh4 68. Kc3 Ke7 69. Kd3 Rb4 70. Nd4 Kf6 71. Kc3 Ra4 72.
Nc6 Kf5 73. Kb3 Rh4 74. Kc3 Ke4 75. Nb4 Ke5 76. Kb3 Rxb4+ 77. Kxb4 Kxd5 78. Kc3 Ke4 0-1

[Event "*** Titled Tuesday Blitz"]
[Site "Chess.com"]
[Date "2020.03.03"]
[Round "2"]
[White "ronaldbrizuela"]
[Black "gena217"]
[Result "0-1"]
[WhiteElo "2661"]
[BlackElo "3011"]
[TimeControl "180+1"]
[EndTime "9:19:46 PST"]
[Termination "gena217 won on time"]

1. d4 Nf6 2. c4 e6 3. Nc3 Bb4 4. e3 O-O 5. Ne2 Re8 6. a3 Bf8 7. g3 d5 8. cxd5 exd5 9. Bg2 c6 10. O-O Bf5 11. Nf4 Nbd7 12. f3 Bd6 13. g4 Bg6 14. Nxg6 hxg6 15. e4 dxe4 16. fxe4 Qb6 17. Kh1 Rad8 18.
b4 Bb8 19. Be3 Qc7 20. Bg1 Nb6 21. h3 Qe7 22. Qf3 Nh7 23. Rae1 Ng5 24. Qd3 Ne6 25.
d5 Nf4 26. Qf3 g5 27. Rd1 Nc4 28. Ne2 Ne5 29. Qe3 Neg6 30. Nxf4 Nxf4 31. dxc6 bxc6 32. Rxd8 Qxd8 33. e5 Rxe5 34. Qf3 Qd5 35. Qxd5 cxd5 36. Rc1 Re8 37. Bf3 a6 38. Bd4 Be5 39. Bxe5 Rxe5 40. a4 Re3 41. Bg2 Rb3 42. b5 axb5 43. axb5 Rxb5 44.
Rd1 g6 45. Rd4 Kg7 46. h4 Kf6 47. hxg5+ Kxg5 48. Bf3 Rb3 49. Bxd5 Nxd5 50. Rxd5+ Kxg4 51. Rd6 Kg3 52. Rd1 Kh3 53. Rg1 Rf3 0-1

[Event "*** Titled Tuesday Blitz"]
[Site "Chess.com"]
[Date "2020.03.03"]
[Round "2"]
[White "bascheyaro"]
[Black "Palacios-LLera"]
[Result "1-0"]
[WhiteElo "2762"]
[BlackElo "2516"]
[TimeControl "180+1"]
[EndTime "9:19:47 PST"]
[Termination "bascheyaro won on time"]

1. d4 d5 2. c4 e6 3. Nc3 Nf6 4.
Bg5 Be7 5. e3 Nbd7 6. Nf3 O-O 7.
Qc2 Re8 8. Rd1 Nf8 9. cxd5 exd5 10. Ne5 c6 11. Bd3 N6d7 12. Bf4 Nxe5 13. Bxe5 Bg4 14. Rd2 Bh5 15. h4 Bg6 16. h5 Bxd3 17. Qxd3 h6 18. Rh3 Bd6 19. Bxd6 Qxd6 20. Qf5 Qe6 21. Qf4 Nd7 22. g4 Qf6 23. Qg3 Re6 24.
Qg2 Rae8 25. Kd1 Qe7 26. a3 a5 27. Rc2 b5 28. Ne2 Nb6 29. Nf4 Rd6 30. Rg3 Qe4 31. g5 Qxg2 32. Rxg2 hxg5 33. Rxg5 Nc4 34. Ke2 Rf6 35. Kd3 Kh7 36. Rg2 a4 37. Kc3 Na5 38. Kb4 Nb3 39. Nd3 Ree6 40. Rh2 Na1 41. Rc1 Nb3 42. Rg1 Nd2 43. Rhg2 g6 44. hxg6+ fxg6 45. Nf4 Rd6 46. Rh2+ Kg8 47. Rgh1 Rf7 48. Rh8+ Kg7 49. Rc8 Nc4 50. Nd3 Kf6 51. Rh4 Ke6 52.
Nc5+ Ke7 53. Rc7+ Kf8 54. Rh8+ Kg7 55. Rh7+ Kxh7 56. Rxf7+ Kh6 57. Rc7 Rf6 58. Nd3 Kg5 59. Kc5 Kg4 60. Rxc6 Rxc6+ 61. Kxc6 Kf3 62. Kxd5 Ke2 63.
Nf4+ Kxf2 64. e4 g5 65. Nh5 g4 66. e5 Ne3+ 67. Kc6 Kf3 68. e6 Nf5 69. d5 1-0

[Event "*** Titled Tuesday Blitz"]
[Site "Chess.com"]
[Date "2020.03.03"]
[Round "2"]
[White "SHIVACalypso"]
[Black "Boundless_Strike"]
[Result "0-1"]
[WhiteElo "2199"]
[BlackElo "2690"]
[TimeControl "180+1"]
[EndTime "9:19:47 PST"]
[Termination "Boundless_Strike won by resignation"]

1. Nf3 Nf6 2. c4 g6 3. g3 Bg7 4. Bg2 O-O 5. O-O d5 6. d4 Nc6 7. e3 dxc4 8. Nbd2 Na5 9. Qa4 c6 10. Nxc4 Nxc4 11. Qxc4 Be6 12. Qc2 Bd5 13. Bd2 Be4 14. Qb3 Qb6 15. Ne5 Bxg2 16. Kxg2 Ne4 17. Nf3 Qa6 18. Bb4 Rfe8 19. Qa3 Qxa3 20. Bxa3 Rad8 21.
Rfd1 f5 22. Nd2 Nxd2 23. Rxd2 e5 24. Rad1 exd4 25. exd4 Rd5 26. b3 Red8 27. Bb2 c5 28. Rc1 b6 29. Re2 Bxd4 30. Bxd4 Rxd4 31. Re7 R4d7 32.
Rce1 Kf8 33. R7e2 Kf7 34. h4 h5 35. Kf3 Rc7 36. Re6 Rd4 37. R1e2 b5 38. Ra6 c4 39.
bxc4 bxc4 40. Rc2 c3 41. Ra3 Rdc4 42. Ke3 Ke6 43. Kd3 Kd5 44. Raxc3 Rxc3+ 45. Rxc3 Rxc3+ 46. Kxc3 Ke4 47. Kd2 Kf3 48. Ke1 f4 49. gxf4 Kxf4 50. Ke2 Kg4 51. Ke3 Kxh4 52. Kf4 g5+ 53. Kf5 g4 54.
Kf4 Kh3 55. Kg5 h4 56. Kf4 g3 57. fxg3 hxg3 0-1

[Event "*** Titled Tuesday Blitz"]
[Site "Chess.com"]
[Date "2020.03.03"]
[Round "2"]
[White "NguyenHlb"]
[Black "LawrenceTrent"]
[Result "0-1"]
[WhiteElo "2286"]
[BlackElo "2575"]
[TimeControl "180+1"]
[EndTime "9:19:47 PST"]
[Termination "LawrenceTrent won by checkmate"]

1. d4 g6 2. c4 Bg7 3. Nc3 d6 4. Nf3 Nf6 5. e4 O-O 6. Be2 Nbd7 7. O-O e5 8. dxe5 dxe5 9. Qc2 c6 10. b3 Qe7 11. a4 a5 12. Ba3 Nc5 13. Rad1 Bg4 14.
h3 Bxf3 15. Bxf3 Rfd8 16. Rxd8+ Rxd8 17. Rd1 Rd4 18. Ne2 Rxd1+ 19. Qxd1 Qd7 20. Qxd7 Nfxd7 21. Nc1 Bf8 22. Bxc5 Nxc5 23. Kf1 h5 24. g4 h4 25. Ke2 Ne6 26. Bg2 Nf4+ 27. Kf1 Ba3 28. Ne2 Nd3 29.
Bf3 Nc5 30. Nc3 Nxb3 31. Be2 Bb2 32. Nb1 Nc5 33. f3 Nxa4 34. Ke1 Bd4 35. Kd2 Nc5 36. Kc2 Kg7 37. Na3 Kf6 38. Bf1 Kg5 39. Kd2 Kf4 40. Nc2 Kxf3 41. Be2+ Kxe4 42. g5 Kf4 43. Bg4 Kxg5 44. Bc8 a4 45. Na3 Bb2 46. Nb1 a3 47.
Kc2 a2 48. Kxb2 axb1=Q+ 49. Kxb1 Kf4 50. Kc2 f5 51. Kd2 Kg3 52. Ke3 Kxh3 53. Kf3 e4+ 54. Kf4 Kg2 55. Ke3 h3 56. Kd4 h2 57. Kxc5 h1=Q 58. Bxb7 Qg1+ 59. Kd6 Qe3 60. Bxc6 Qd4+ 61. Bd5 Kf2 62. c5 e3 63. c6 e2 64. c7 Qb6+ 65. Bc6 Qxc7+ 66. Kxc7 e1=Q 67. Bd7 Qe3 68. Bc6 Qf4+ 69.
Kd7 g5 70. Kc8 g4 71. Bd7 g3 72. Kd8 g2 73. Ke7 g1=Q 74. Ke8 Qg7 75. Kd8 Qb8+ 76. Bc8 Qgc7+ 77. Ke8 Qbxc8# 0-1

[Event "*** Titled Tuesday Blitz"]
[Site "Chess.com"]
[Date "2020.03.03"]
[Round "2"]
[White "Parhamov"]
[Black "Gabix_94"]
[Result "1/2-1/2"]
[WhiteElo "3053"]
[BlackElo "2682"]
[TimeControl "180+1"]
[EndTime "9:19:48 PST"]
[Termination "Game drawn by agreement"]

1. e4 c5 2. Nf3 e6 3. d4 cxd4 4. Nxd4 Nc6 5. Nc3 Qc7 6. g3 a6 7. Bg2 d6 8. O-O Bd7 9. Re1 Be7 10. g4 Nxd4 11. Qxd4 Bf6 12. Qd3 Ne7 13. g5 Bxc3 14.
bxc3 Bb5 15. Qg3 Rc8 16. a4 Bc6 17. Ba3 e5 18. Red1 Rd8 19. Qd3 Nc8 20. Bh3 O-O 21.
Bxc8 Qxc8 22. f3 Rfe8 23. a5 d5 24. exd5 Bxd5 25. Qe3 Bc6 26. Rd3 e4 27. Rxd8 Qxd8 28. f4 Qxa5 29. c4 Qf5 30. h3 Re6 31. Rd1 h6 32. Rd8+ Kh7 33. Bc1 Rg6 34. Qg3 e3 35. Bxe3 Qxc2 36. h4 h5 37. Rd2 Qe4 38. Rd4 Qh1+ 39.
Kf2 Re6 40. f5 Re4 41. g6+ Kg8 42. Rd8+ Re8 43. gxf7+ Kxf7 44. Qg6+ Kf8 45. Bc5+ Kg8 46. Rxe8+ Bxe8 47. Qxe8+ Kh7 48. Qxh5+ Kg8 49. Qe8+ Kh7 50. Qg6+ Kh8 51. h5 Qh4+ 52. Kf3 Qxc4 53. Qe8+ Kh7 54. Qg6+ Kh8 55. Qd6 Qh4 56. Qf8+ Kh7 57. Qf7 Qh1+ 58.
Ke3 Qg1+ 59. Ke4 Qxc5 60. Qxb7 Qc4+ 61. Ke5 Qe2+ 1/2-1/2

[Event "*** Titled Tuesday Blitz"]
[Site "Chess.com"]
[Date "2020.03.03"]
[Round "2"]
[White "arjwezhrtdrz"]
[Black "Korona_91"]
[Result "1-0"]
[WhiteElo "2102"]
[BlackElo "2422"]
[TimeControl "180+1"]
[EndTime "9:19:48 PST"]
[Termination "arjwezhrtdrz won by checkmate"]

1. e4 e6 2. d4 d5 3. Nd2 a6 4. exd5 exd5 5. Ngf3 c5 6. c3 Nf6 7. Be2 Nc6 8. dxc5 Bxc5 9. O-O O-O 10. Nb3 Bb6 11. Bf4 Ne4 12. Nbd4 Qf6 13. Be3 Bc7 14.
Qc1 Bg4 15. Re1 Qd6 16. g3 f5 17. Bf4 Qd7 18. Bxc7 Qxc7 19. Ne6 Qb6 20. Nfd4 Nxd4 21. Nxd4 Bxe2 22. Rxe2 f4 23. Qc2 f3 24. Re3 Ng5 25.
h4 Ne4 26. Qb3 Qd6 27. Rxe4 Rf7 28. Re3 Raf8 29. Rae1 g5 30. hxg5 h6 31. gxh6 Qd7 32. Re6 Kh8 33. R1e5 Rd8 34. Qc2 Rg8 35. Qd3 Qd8 36.
Nxf3 Qf8 37. Re3 Rf4 38. Kf1 Rfg4 39. Qxd5 Kh7 40. Qe5 Qc8 41. Re7+ Kg6 42. Qe6+ Qxe6 43. R7xe6+ Kh7 44. R6e4 R4g6 45. Re7+ Kh8 46. R3e6 Rxh6 47.
Rxh6# 1-0

[Event "*** Titled Tuesday Blitz"]
[Site "Chess.com"]
[Date "2020.03.03"]
[Round "2"]
[White "Abund"]
[Black "MFBerna"]
[Result "1-0"]
[WhiteElo "2720"]
[BlackElo "2348"]
[TimeControl "180+1"]
[EndTime "9:19:50 PST"]
[Termination "Abund won by checkmate"]

1. Nf3 d5 2. d4 Bf5 3. c4 e6 4.
Qb3 Nc6 5. Bd2 Rb8 6. e3 Nf6 7.
Be2 Be7 8. O-O O-O 9. Rc1 Ne4 10. Be1 Bg6 11. Qa4 Bh5 12. b4 dxc4 13. b5 Nxd4 14. Nxd4 Bxe2 15. Nxe2 Bf6 16. Nbc3 Nd6 17. Rab1 Ra8 18. Rd1 Qe7 19. Qb4 a6 20. b6 Rfd8 21.
f3 a5 22. Qc5 cxb6 23. Rxb6 Rac8 24. Qxa5 Nf5 25. Rxd8+ Qxd8 26. Bf2 Rc6 27. Rb5 Qxa5 28. Rxa5 h5 29. e4 Nd6 30. e5 b6 31. Ra8+ Kh7 32. exf6 gxf6 33. Ra6 Rc8 34. Rxb6 Nf5 35.
Nd4 Rd8 36. Nxf5 exf5 37. g3 Rd3 38. Be1 Re3 39. Rc6 Rd3 40. Rxc4 Re3 41. Kf2 Re5 42. a4 Ra5 43. Nb5 Ra6 44. h4 Re6 45. Bc3 Kg7 46. Nd4 Re5 47. a5 Kg6 48. Ra4 f4 49. gxf4 Rc5 50. Bd2 Rc4 51. f5+ Kh7 52. Rxc4 Kg7 53. Rc7 Kh7 54. a6 Kg8 55. a7 Kg7 56. a8=Q Kh7 57. Rxf7# 1-0

[Event "*** Titled Tuesday Blitz"]
[Site "Chess.com"]
[Date "2020.03.03"]
[Round "2"]
[White "DonPreuss"]
[Black "letsgoband"]
[Result "0-1"]
[WhiteElo "2190"]
[BlackElo "2487"]
[TimeControl "180+1"]
[EndTime "9:19:51 PST"]
[Termination "letsgoband won on time"]

1. d4 Nf6 2. Nc3 e6 3. e4 d5 4. exd5 exd5 5. Bd3 Bd6 6. Nge2 O-O 7. Bf4 Re8 8. O-O c6 9. Qd2 Bg4 10. f3 Bh5 11. Ng3 Bg6 12. Bxd6 Bxd3 13. Qxd3 Qxd6 14.
Rae1 Na6 15. a3 Nc7 16. Nf5 Qd7 17. Re5 g6 18. Nh6+ Kg7 19. Qe3 Rxe5 20. dxe5 Ng8 21.
Nxg8 Kxg8 22. f4 Re8 23. Ne2 b6 24. Ng3 f6 25. Re1 c5 26. Qf3 Nb5 27. c3 Nc7 28. f5 Rxe5 29. Rxe5 fxe5 30. fxg6 hxg6 31. Qf6 Qe6 32. Qd8+ Ne8 33. h4 e4 34. Qg5 e3 35. Ne2 Kg7 36. Nf4 Qe4 37. h5 e2 38.
Nxe2 Qxe2 39. Qxg6+ Kf8 40. h6 Qe1+ 41. Kh2 Qh4+ 42. Kg1 Qf6 43. Qh5 Qf7 44. Qg5 Nf6 45.
Qf5 Ke7 46. Qe5+ Kd7 47. Qb8 Ke6 48. Qc8+ Ke5 49. Qh3 Kf4 50. Qf3+ Kg5 51. Qe3+ Kg6 52. Qh3 Qh7 53. Qg3+ Kxh6 54. Qe3+ Kg7 55. Qe7+ Kg6 56.
Qe6 Qd7 57. Qe3 Qg4 0-1

[Event "*** Titled Tuesday Blitz"]
[Site "Chess.com"]
[Date "2020.03.03"]
[Round "2"]
[White "Sashadav97"]
[Black "sergoy"]
[Result "1-0"]
[WhiteElo "2579"]
[BlackElo "2771"]
[TimeControl "180+1"]
[EndTime "9:19:55 PST"]
[Termination "Sashadav97 won by resignation"]

1. d4 d5 2. c4 c6 3. cxd5 cxd5 4. Bf4 Nf6 5. e3 Nc6 6. Nc3 a6 7. Bd3 Bg4 8. Nge2 e6 9. O-O Bd6 10. f3 Bh5 11. Rc1 O-O 12. Na4 Bg6 13. Nc5 Bxf4 14.
Nxf4 Bxd3 15. Nfxd3 Qe7 16. a3 Na5 17. Ne5 Rfc8 18. Qe2 b5 19. b3 Ne8 20. Qd2 Nc6 21. Nxc6 Rxc6 22. e4 dxe4 23. fxe4 Rd8 24. Qf2 Nf6 25.
Rce1 e5 26. b4 Rxd4 27. Qf5 g6 28. Qf3 Kg7 29. Re2 Rcd6 30. Ref2 Rd2 31. h3 Rxf2 32. Qxf2 Rc6 33. Kh2 a5 34. g4 axb4 35. axb4 Rd6 36. Qe2 Qd8 37. Rf2 h5 38. g5 Nh7 39. h4 Rb6 40. Qf3 Qe7 41. Qd3 f6 42. Qd5 Rd6 43. Qa8 fxg5 44. Ra2 Rd8 45. Ra7 Rxa8 46. Rxe7+ Kh8 47.
hxg5 Nxg5 48. Rc7 Ra2+ 49. Kg3 Ra3+ 50. Kf2 Nh3+ 51. Ke1 Nf4 52. Kd2 h4 53. Nd7 h3 54.
Nf6 Rd3+ 55. Kc2 Rc3+ 56. Kxc3 1-0

[Event "*** Titled Tuesday Blitz"]
[Site "Chess.com"]
[Date "2020.03.03"]
[Round "2"]
[White "Babas"]
[Black "VitaliyBernadskiy"]
[Result "0-1"]
[WhiteElo "2382"]
[BlackElo "2784"]
[TimeControl "180+1"]
[EndTime "9:19:57 PST"]
[Termination "VitaliyBernadskiy won by checkmate"]

1. d4 Nf6 2. Nf3 g6 3. Nc3 Bg7 4.
e4 O-O 5. h3 d5 6. e5 Ne4 7. Bd3 Nxc3 8. bxc3 c5 9. O-O Nc6 10.
Re1 h6 11. Bf4 Be6 12. Qd2 Kh7 13. Rab1 b6 14. Bb5 Rc8 15. Ba6 Rc7 16. Bf1 cxd4 17.
cxd4 Na5 18. Bd3 Nc4 19. Qe2 Qd7 20. Nh4 Rfc8 21. Qh5 Qe8 22. Nf3 Kg8 23. Qh4 Qf8 24. Qg3 Na3 25. Rb3 Nc4 26. h4 Kh8 27. h5 g5 28. Bc1 Qg8 29. Nh2 Na5 30. Ra3 Nc6 31. Be3 Nb4 32. f4 gxf4 33. Bxf4 Nxc2 34. Bxc2 Rxc2 35. Rxa7 R8c3 36. Re3 Rc1+ 37. Nf1 Rc7 38. Rxc7 Rxc7 39. Qf2 Qh7 40. Rg3 Rc2 41. Qe3 Bf5 42. Qa3 Rc7 43. Ne3 Be6 44. Qa4 Rc8 45. Qa7 Qe4 46.
Rf3 Re8 47. Qxb6 Rg8 48. Qb2 Bf8 49. Qf2 Qxd4 50. Rg3 Rxg3 51. Qxg3 Qa1+ 52. Kh2 Qxa2 53. Ng4 Qe2 54. Kh3 d4 55. Kh4 Qf1 56. Nxh6 Qh1+ 57. Kg5 Bg7 58. Qa3 Qxg2+ 59. Bg3 Qd2+ 60. Kh4 Qxh6 61.
Qa8+ Bf8 62. Qe4 Qg7 63. Bf4 Qg4# 0-1

[Event "*** Titled Tuesday Blitz"]
[Site "Chess.com"]
[Date "2020.03.03"]
[Round "2"]
[White "MrTattaglia"]
[Black "Chigorinetz"]
[Result "1-0"]
[WhiteElo "2816"]
[BlackElo "2575"]
[TimeControl "180+1"]
[EndTime "9:20:00 PST"]
[Termination "MrTattaglia won on time"]

1. Nf3 d5 2. g3 Nc6 3. d4 Bf5 4. Bg2 Nb4 5. Na3 e6 6. c3 Na6 7. Qb3 Qc8 8. Ne5 Nf6 9. O-O c6 10. Bf4 Be7 11. c4 O-O 12. Rac1 Rd8 13. Rfd1 h6 14. Nc2 Nc7 15. Ne1 Be4 16. N1f3 Nce8 17. h3 Nd6 18. c5 Nde8 19. Qc3 Nc7 20. b4 Nh5 21. Bd2 a6 22. a4 f6 23. Nd3 g5 24.
Bf1 Ng7 25. Nh2 Bg6 26. Ng4 h5 27. Ne3 Rf8 28. Ng2 Qe8 29. h4 g4 30. Ngf4 Bh7 31. Re1 Qf7 32. Bg2 Rae8 33. f3 Bd8 34. fxg4 hxg4 35.
Nf2 e5 36. N4d3 e4 37. Nf4 f5 38. e3 Nge6 39. Bf1 Bf6 40. Qb3 Nxf4 41. exf4 Bxd4 42.
Kg2 Bf6 43. b5 Ne6 44. bxa6 bxa6 45. Bxa6 Rb8 46. Qa3 Kh8 47. Rb1 d4 48. Bc4 Qd7 49. Ba5 Bg8 50. Bb6 d3 51. Nxd3 Nd4 52. Bxg8 1-0

[Event "*** Titled Tuesday Blitz"]
[Site "Chess.com"]
[Date "2020.03.03"]
[Round "2"]
[White "GM_shahin"]
[Black "csati17"]
[Result "0-1"]
[WhiteElo "2756"]
[BlackElo "2574"]
[TimeControl "180+1"]
[EndTime "9:20:00 PST"]
[Termination "csati17 won by resignation"]

1. e4 e6 2. d3 d5 3. Nd2 Nf6 4. Ngf3 b6 5. g3 Bb7 6. e5 Nfd7 7. Bg2 c5 8. c4 Nc6 9. cxd5 Ncxe5 10. dxe6 Nxd3+ 11. Kf1 fxe6 12. Qb3 c4 13. Qxc4 N7c5 14. b4 Qf6 15. Rb1 Ba6 16. b5 Bb7 17. Ba3 Be7 18.
Bxc5 Nxc5 19. Qd4 Qf5 20. Nh4 Bxh4 21. Bxb7 Rd8 22. Bc6+ Kf7 23. Qxh4 Rxd2 24. Qf4 Qxf4 25. gxf4 Nd3 26. Kg2 Rxf2+ 27. Kg3 Rd2 28. Rhd1 Rxd1 29. Rxd1 Nc5 30. Kg4 Ke7 31. f5 Rd8 32. Re1 Rd4+ 33. Kg5 Kf7 34. fxe6+ Nxe6+ 35. Kf5 Rf4+ 36. Ke5 Rf6 37. Bd5 Ke7 38. Rc1 Nc5 39. Re1 Kd7 40. Bc6+ Ke7 41. Kd5+ Re6 42. Rg1 Rd6+ 43. Kc4 g6 44.
Rg3 Rd2 45. Ra3 Rc2+ 46. Kd4 Rxh2 47. Ra5 Kd6 48. Rxa7 Rh4+ 49. Ke3 Ra4 50. Rxh7 Rxa2 51. Rg7 Ra3+ 52. Kf4 Ne6+ 53. Kg4 Nxg7 54. Kg5 Ne6+ 55. Kxg6 Nd4 0-1